 Dungeon Crawl Stone Soup version 0.17.0-28-g6e173f8 (console) character file.

179 Kloppie the Cudgeler (level 5, -5/32 HPs)
             Began as a Gargoyle Fighter on Nov 29, 2015.
             Slain by Blork the orc
             ... wielding a +0 war axe
              (9 damage)
             ... on level 4 of the Dungeon.
             The game lasted 00:04:04 (2042 turns).

Kloppie the Cudgeler (Gargoyle Fighter)             Turns: 2042, Time: 00:04:04

Health: -5/32      AC: 10    Str: 20    XL:     5   Next: 59%
Magic:  5/5        EV:  7    Int:  8    God:
Gold:   179        SH:  9    Dex: 10    Spells: 0 memorised, 4 levels left

rFire  . . .     SeeInvis .     a - +0 flail
rCold  . . .     Clarity  .     b - +0 scale mail
rNeg   + . .     SustAt   .     c - +0 shield
rPois  ∞         Gourm    .     (no helmet)
rElec  +         Spirit   .     (no cloak)
rCorr  .         Warding  .     (no gloves)
rMut   .         Stasis   .     (no boots)
MR     .....                    (no amulet)
Stlth  ..........               (no ring)
                                (no ring)

@: not resistant to hostile enchantments, extremely unstealthy
A: negative energy resistance 1, electricity resistance, unbreathing,
petrification resistance, rot immunity, AC +4
a: no special abilities


You were on level 4 of the Dungeon.
You were not hungry.

You visited 1 branch of the dungeon, and saw 4 of its levels.

You collected 179 gold pieces.

Inventory:

Hand Weapons
 a - a +0 flail (weapon)
Armour
 b - a +0 scale mail (worn)
 c - a +0 shield (worn)
Scrolls
 h - 3 scrolls of identify {unknown}
 j - a scroll of remove curse {unknown}
 m - a scroll of recharging {unknown}
 o - a scroll of amnesia {unknown}
 p - 2 scrolls of enchant weapon {unknown}
 u - a scroll of fog {unknown}
 w - a scroll of teleportation {unknown}
Potions
 d - 3 potions of might
 g - a potion of flight {unknown}
 i - a potion of magic {unknown}
 k - 3 potions of ambrosia {unknown}
 l - a potion of invisibility {unknown}
 q - a potion of brilliance {unknown}
 r - a potion of poison {unknown}
 s - 2 potions of beneficial mutation {unknown}
Comestibles
 e - 6 bread rations
 f - 4 meat rations
 n - 5 fruits
 t - a beef jerky
 v - 5 chunks of flesh


   Skills:
 - Level 3.2 Fighting
 + Level 5.6 Maces & Flails
 - Level 3.2 Armour
 - Level 3.2 Shields


You had 4 spell levels left.
You didn't know any spells.

Dungeon Overview and Level Annotations

Branches:
Dungeon (4/15)
 Temple: D:4-7

Altars:
Fedhas
Gozag
Nemelex Xobeh
Sif Muna

Shops:
D:2 *

Annotations:
D:4 Blork the orc


Innate Abilities, Weirdness & Mutations

You are resistant to torment.
Your stone body is resilient (AC +4).
You are immune to poison.
You resist negative energy.
You are resistant to electric shocks.
You can survive without breathing.
You are immune to petrification.
You are immune to rotting.


Message History

You are too injured to fight recklessly!
You are too injured to fight recklessly!
You are too injured to fight recklessly!
You hit Blork the orc.
Blork the orc is heavily wounded.
Blork the orc hits you but does no damage.
You hit Blork the orc but do no damage.
Blork the orc is heavily wounded.
You block Blork the orc's attack. x2
You hit Blork the orc but do no damage.
Blork the orc is heavily wounded.
Blork the orc hits you with a war axe.
* * * LOW HITPOINT WARNING * * *
You hit Blork the orc.
Blork the orc is severely wounded.
Blork the orc points at you and mumbles some strange words.
The magic dart hits you!
* * * LOW HITPOINT WARNING * * *
Blork the orc hits you with a war axe!
You die...

(#.
#.#..#.##..##
###
#.........##
.............#
###...######†#
#### #.... #.#
#...## #...#
#.##..8..##
#.##
#.###.#.!.....#
#.
#..[..#..._...#
#####.'@o...⌠.#
###?.._...#
#......(#
##..8..##
#...## ####


You could see Blork the orc.

Vanquished Creatures
  Jessica (D:2)
  Terence (D:2)
  A worker ant (D:4)
  4 adders
  An ooze (D:2)
  2 worms (D:2)
  4 giant geckos
  An orc (D:4)
  A ball python (D:1)
  6 bats
  2 giant cockroaches
  8 goblins
  5 hobgoblins
  4 jackals (D:1)
  A quokka (D:3)
  3 giant newts
  5 kobolds
  A quokka skeleton (D:4)
  10 rats
61 creatures vanquished.

Notes
Turn   | Place    | Note
--------------------------------------------------------------
     0 | D:1      | Kloppie the Gargoyle Fighter began the quest for the Orb.
     0 | D:1      | Reached XP level 1. HP: 14/14 MP: 1/1
   219 | D:1      | Reached XP level 2. HP: 17/19 MP: 2/2
   733 | D:2      | Noticed Terence
   761 | D:2      | Killed Terence
   761 | D:2      | Reached XP level 3. HP: 8/23 MP: 3/3
   978 | D:2      | Found an opulent altar of Gozag.
   980 | D:2      | Found Gozag's Platinum Reserve.
  1117 | D:2      | Found a blossoming altar of Fedhas.
  1135 | D:2      | Reached skill level 4 in Maces & Flails
  1233 | D:2      | Reached XP level 4. HP: 28/28 MP: 4/4
  1337 | D:2      | Noticed Jessica
  1343 | D:2      | Killed Jessica
  1491 | D:2      | Reached skill level 5 in Maces & Flails
  1644 | D:2      | Reached XP level 5. HP: 32/32 MP: 5/5
  1807 | D:3      | Noticed an ogre
  1985 | D:4      | Found a deep blue altar of Sif Muna.
  2032 | D:4      | Found a sparkling altar of Nemelex Xobeh.
  2032 | D:4      | Found an opulent altar of Gozag.
  2032 | D:4      | Noticed Blork the orc
  2042 | D:4      | Slain by Blork the orc

Action                   |  1- 3 |  4- 6 || total
-------------------------+-------+-------++-------
Melee: Flail             |   113 |   117 ||   230
  Eat: Chunk             |     1 |     3 ||     4
